 Dungeon Crawl Stone Soup version 0.28.0-45-g0d030f2227 (webtiles) character file.

Game seed: 13917858757657427263

405 olmar the Insei (level 6, -2/47 HPs)
             Began as a Gnoll Transmuter on Apr 14, 2022.
             Was an Initiate of Yredelemnul.
             Killed from afar by a steam dragon (16 damage)
             ... with a ball of steam
             ... on level 4 of the Dungeon.
             The game lasted 00:05:44 (4562 turns).

olmar the Insei (Gnoll Transmuter)                  Turns: 4562, Time: 00:05:45

Health: -2/47      AC:  2    Str:  9    XL:     6   Next: 87%
Magic:  14/14      EV: 14    Int: 13    God:    Yredelemnul [......]
Gold:   82         SH:  0    Dex: 14    Spells: 13/15 levels left

rFire   . . .      SeeInvis .     - Unarmed
rCold   . . .      Faith    .   (no shield)
rNeg    . . .      Spirit   .   a - +0 robe
rPois   .          Reflect  .   (helmet currently unavailable)
rElec   .          Harm     .   (no cloak)
rCorr   .          Rampage  .   (no gloves)
Will    .....                   (boots currently unavailable)
Stlth   ++........              (no amulet)
HPRegen 0.15/turn               (no ring)
MPRegen 0.14/turn               (no ring)

@: appendages, attractive, studying Armour
A: horns 2, talons 2, fangs 1, strong nose, distributed training
a: End Transformation, Renounce Religion, Recall Undead Harvest


You were on level 4 of the Dungeon.
You worshipped Yredelemnul.
Yredelemnul was noncommittal.
You had temporarily grown beastly horns and talons.
You visited 1 branch of the dungeon, and saw 4 of its levels.

You collected 82 gold pieces.

Inventory:

Hand Weapons
 c - a +2 spectral club
 m - the +2 trident of Woe {venom, rC- rN+ Int+6}
   (You found it on level 3 of the Dungeon)

   It poisons the flesh of those it strikes.
   Int:       It affects your intelligence (+6).
   rC:        It makes you vulnerable to cold.
   rN:        It protects you from negative energy.
Missiles
 h - 10 poisoned darts
Armour
 a - a +0 robe (worn)
Wands
 e - a wand of polymorph (3)
Scrolls
 d - 2 scrolls of identify
 n - a scroll of brand weapon {unknown}
 o - a scroll of immolation {unknown}
 p - a scroll of magic mapping {unknown}
Potions
 b - 2 potions of brilliance
 f - a potion of might
 i - a potion of curing
 j - a potion of attraction
 k - a potion of degeneration {unknown}
 l - a potion of haste {unknown}


   Skills:
 + Level 3.3 Fighting
 + Level 2.1 Short Blades
 + Level 2.1 Long Blades
 + Level 2.1 Axes
 + Level 2.1 Maces & Flails
 + Level 2.1 Polearms
 + Level 2.1 Staves
 + Level 2.1 Slings
 + Level 2.1 Bows
 + Level 2.1 Crossbows
 + Level 2.1 Throwing
 + Level 2.7 Armour
 + Level 5.0 Dodging
 + Level 2.1 Stealth
 + Level 2.1 Shields
 + Level 6.9 Unarmed Combat
 + Level 5.4 Spellcasting
 + Level 1.7 Conjurations
 + Level 1.7 Hexes
 + Level 1.7 Summonings
 + Level 1.7 Necromancy
 + Level 1.7 Translocations
 + Level 4.2 Transmutations
 + Level 1.7 Fire Magic
 + Level 1.7 Ice Magic
 + Level 1.7 Air Magic
 + Level 1.7 Earth Magic
 + Level 1.7 Poison Magic
 + Level 2.3 Invocations
 + Level 2.1 Evocations


You had 13 spell levels left.
You knew the following spells:

 Your Spells              Type           Power      Damage    Failure   Level
a - Beastly Appendage     Tmut           28%        N/A       3%          1
b - Foxfire               Conj/Fire      32%        2x1d5     9%          1

Your spell library contained the following spells:

 Spells                   Type           Power      Damage    Failure   Level
 Wereblood                Tmut           14%        N/A       4%          2
 Spider Form              Tmut/Pois      11%        N/A       16%         3
 Conjure Flame            Conj/Fire      8%         6-21      26%         3
 Inner Flame              Hex/Fire       8%         N/A       26%         3
 Ice Form                 Ice/Tmut       11%        N/A       47%         4
 Flame Wave               Conj/Fire      8%         2d5       65%         4


Dungeon Overview and Level Annotations

Branches:
Dungeon (4/15)
 Temple: D:4-7

Altars:
Ashenzari
Ru
Yredelemnul


Innate Abilities, Weirdness & Mutations

You have temporarily grown beastly horns and talons.
You have very sharp teeth.
Your uncanny sense of smell can sniff out nearby items.
Your experience applies equally to all skills.


Message History

A quokka comes into view.
The steam dragon closely misses you. The steam dragon barely misses you.
Unknown command.
Unknown command.
You hit the steam dragon. You claw the steam dragon.
The steam dragon is heavily wounded.
The steam dragon breathes steam at you. The ball of steam hits you!!
Unknown command.
Unknown command.
You hit the steam dragon but do no damage.
You bite the steam dragon, but do no damage.
The steam dragon is heavily wounded.
You are engulfed in a cloud of scalding steam.
The steam dragon barely misses you. The steam dragon claws you.
* * * LOW HITPOINT WARNING * * *
Unknown command.
Unknown command.
Okay, then.
Okay, then.
It was a potion of attraction.
You feel attractive to monsters.
You are engulfed in a cloud of scalding steam.
* * * LOW HITPOINT WARNING * * *
The steam dragon closely misses you. The steam dragon claws you.
* * * LOW HITPOINT WARNING * * *
Unknown command.
Unknown command.
It was a potion of curing.
You feel better. The steam dragon closely misses you.
The steam dragon claws you.
* * * LOW HITPOINT WARNING * * *
Unknown command.
Unknown command.
Okay, then.
You hit the steam dragon.
The steam dragon is severely wounded.
The steam dragon breathes steam at you. The ball of steam hits you!
You die...
Your body rises from the dead as a mindless zombie.

# ##...## #.....######
#.....ยงยง@Dy#
##.....####r# .....
####.###.# #..#
#...###...........
#.#####.##
#........#..
.#.......####.(......#
.


You could see a steam dragon (catching breath), a killer bee and a quokka.

Vanquished Creatures
  Grinder (D:3)
  A bullfrog (D:4)
  A jelly (D:2)
  Jessica (D:2)
  Robin (D:3)
  3 adders (D:3)
  9 endoplasms
  10 goblins
  7 hobgoblins
  11 kobolds
  3 quokkas (D:2)
  5 ball pythons
  7 bats
  2 frilled lizards
  4 rats
66 creatures vanquished.

Vanquished Creatures (collateral kills)
  An endoplasm (D:2)
  2 ball pythons
  3 kobolds (D:2)
6 creatures vanquished.

Vanquished Creatures (others)
  2 adder zombies (D:3)
  2 bat zombies
  2 ball python zombies (D:3)
  A hobgoblin zombie (D:3)
  A human zombie (D:2)
  2 quokka zombies (D:2)
  5 spectral endoplasms (D:2)
  A fungus (D:2)
  7 toadstools (D:2)
23 creatures vanquished.

Grand Total: 95 creatures vanquished

Notes
Turn   | Place    | Note
-------+----------+-------------------------------------------
     0 | D:1      | olmar the Gnoll Transmuter began the quest for the Orb.
     0 | D:1      | Reached XP level 1. HP: 17/17 MP: 6/6
   537 | D:1      | Found a faded altar of an unknown god.
   537 | D:1      | Noticed a Brimstone Fiend
   777 | D:1      | Prayed at the altar of an unknown god.
   777 | D:1      | Became a worshipper of Yredelemnul the Dark
   777 | D:1      | Reached * piety under Yredelemnul
   952 | D:1      | Reached XP level 2. HP: 23/23 MP: 7/7
  1350 | D:2      | Noticed Jessica
  1370 | D:2      | Killed Jessica
  1371 | D:2      | Reached skill level 5 in Spellcasting
  1371 | D:2      | Reached skill level 1 in Invocations
  1371 | D:2      | Reached XP level 3. HP: 13/28 MP: 7/9
  1926 | D:2      | Reached skill level 1 in Short Blades
  1926 | D:2      | Reached skill level 1 in Long Blades
  1926 | D:2      | Reached skill level 1 in Axes
  1926 | D:2      | Reached skill level 1 in Maces & Flails
  1926 | D:2      | Reached skill level 1 in Polearms
  1926 | D:2      | Reached skill level 1 in Staves
  1926 | D:2      | Reached skill level 1 in Slings
  1926 | D:2      | Reached skill level 1 in Bows
  1926 | D:2      | Reached skill level 1 in Crossbows
  1926 | D:2      | Reached skill level 1 in Throwing
  1926 | D:2      | Reached skill level 1 in Armour
  1926 | D:2      | Reached skill level 1 in Stealth
  1926 | D:2      | Reached skill level 1 in Shields
  1926 | D:2      | Reached skill level 1 in Evocations
  2172 | D:2      | Your ally Jessica died
  2177 | D:2      | Reached XP level 4. HP: 13/34 MP: 9/11
  2436 | D:2      | Reached skill level 1 in Conjurations
  2436 | D:2      | Reached skill level 1 in Hexes
  2436 | D:2      | Reached skill level 1 in Summonings
  2436 | D:2      | Reached skill level 1 in Necromancy
  2436 | D:2      | Reached skill level 1 in Translocations
  2436 | D:2      | Reached skill level 1 in Fire Magic
  2436 | D:2      | Reached skill level 1 in Ice Magic
  2436 | D:2      | Reached skill level 1 in Air Magic
  2436 | D:2      | Reached skill level 1 in Earth Magic
  2436 | D:2      | Reached skill level 1 in Poison Magic
  2955 | D:3      | Reached XP level 5. HP: 40/40 MP: 10/12
  2967 | D:3      | Learned a level 1 spell: Foxfire
  3343 | D:3      | Noticed Grinder
  3343 | D:3      | Paralysed by Grinder for 5 turns
  3377 | D:3      | Killed Grinder
  3378 | D:3      | Reached skill level 5 in Dodging
  3378 | D:3      | Reached XP level 6. HP: 26/47 MP: 12/14
  3554 | D:3      | Noticed Robin
  3572 | D:3      | Killed Robin
  3639 | D:3      | Found a sacrificial altar of Ru.
  3793 | D:3      | Found a broken altar of Ashenzari.
  3797 | D:3      | Found a basalt altar of Yredelemnul.
  3975 | D:3      | Identified the +2 trident of Woe {venom, rC- rN+ Int+6}
  4554 | D:4      | Noticed a steam dragon
  4554 | D:4      | a killer bee changed into a steam dragon
  4562 | D:4      | Killed from afar by a steam dragon

Illustrated notes

Levels and vault maps discovered:
D:1:      dpeg_arrival_arbitrary_b, layout_loops_corners,
          dreamdust_ecumenical_altar_sealed_demon, minmay_misc_feat_diagonals
D:2:      cheibrodos_fertilizer, layout_loops_ring, uniq_jessica
D:3:      layout_loops_ring, gammafunk_temple_overflow_forgotten,
          minmay_quadrilaterals, uniq_robin, uniq_grinder
D:4:      layout_loops_ring, grunt_gozag_statues, serial_shops,
          nicolae_shop_temple_entry_statues_fountains

Skill      XL: |  1  2  3  4  5 |
---------------+----------------+-----
Spellcasting   | 5 |  5.4
Invocations    | 1 2 |  2.3
Short Blades   | 1 2 |  2.1
Long Blades    | 1 2 |  2.1
Axes           | 1 2 |  2.1
Maces & Flails | 1 2 |  2.1
Polearms       | 1 2 |  2.1
Staves         | 1 2 |  2.1
Slings         | 1 2 |  2.1
Bows           | 1 2 |  2.1
Crossbows      | 1 2 |  2.1
Throwing       | 1 2 |  2.1
Armour         | 1 2 |  2.7
Stealth        | 1 2 |  2.1
Shields        | 1 2 |  2.1
Evocations     | 1 2 |  2.1
Conjurations   | 1 |  1.7
Hexes          | 1 |  1.7
Summonings     | 1 |  1.7
Necromancy     | 1 |  1.7
Translocations | 1 |  1.7
Fire Magic     | 1 |  1.7
Ice Magic      | 1 |  1.7
Air Magic      | 1 |  1.7
Earth Magic    | 1 |  1.7
Poison Magic   | 1 |  1.7
Fighting       | 3 |  3.3
Dodging        | 5 |  5.0
Transmutations | 4 |  4.2
Unarmed Combat | |  6.9

Action                   |  1- 3 |  4- 6 || total
-------------------------+-------+-------++-------
Melee: Unarmed           |    85 |   113 ||   198
       Kick              |     3 |    15 ||    18
       Bite              |    14 |     5 ||    19
       Headbutt          |     2 |     8 ||    10
       Punch             |     3 |     1 ||     4
 Cast: Beastly Appendage |     5 |     8 ||    13
       Foxfire           |       |     1 ||     1
Invok: Recall Undead Har |       |     2 ||     2
Evoke: Wand              |       |     2 ||     2
  Use: Potion            |     1 |     3 ||     4
       Scroll            |       |     4 ||     4
 Stab: Sleeping          |     2 |     1 ||     3
Armor: Robe              |     9 |    18 ||    27
       Skin              |       |     3 ||     3
Dodge: Dodged            |    55 |    82 ||   137
